 Dungeon Crawl Stone Soup version 0.29-a0-234-g0dae59b3db (webtiles) character file.

Game seed: 5293824275188757595

2120 YayAnonymity the Zephyrmancer (level 9, -3/50 (51) HPs)
             Began as a Tengu Air Elementalist on Mar 4, 2022.
             Was a Follower of Vehumet.
             Slain by Maggie
             ... wielding a +1 vorpal broad axe
              (18 damage)
             ... on level 6 of the Dungeon.
             The game lasted 00:20:24 (9830 turns).

YayAnonymity the Zephyrmancer (TeAE)                Turns: 9830, Time: 00:20:24

HP:   -3/50 (51)    AC:  3    Str:  8      XL:     9   Next: 29%
MP:   5/17          EV: 14    Int: 16 (20) God:    Vehumet [*.....]
Gold: 523           SH:  0    Dex: 15      Spells: 7/17 levels left

rFire   . . .      SeeInvis .   a - +4 spear of Ruepleed {vorpal, rC+ rN+}
rCold   + . .      Faith    .   (no shield)
rNeg    + . .      Spirit   .   l - +0 robe
rPois   .          Reflect  .   (helmet restricted)
rElec   .          Harm     .   (no cloak)
rCorr   +          Rampage  .   q - +0 pair of gloves
Will    .....                   (boots unavailable)
Stlth   ++........              (no amulet)
HPRegen 0.16/turn               f - ring of resist corrosion
MPRegen 0.15/turn               (no ring)

@: flying quickly and evasively, mesmerised, lightly drained, quick
A: beak, talons 3, nimble flight
a: Renounce Religion


You were on level 6 of the Dungeon.
You worshipped Vehumet.
Vehumet was aware of your devotion.
You visited 2 branches of the dungeon, and saw 7 of its levels.
You also visited: Sewer.

You collected 523 gold pieces.

Inventory:

Hand Weapons
 a - the +4 spear of Ruepleed (weapon) {vorpal, rC+ rN+}
   (You found it on level 2 of the Dungeon)

   It inflicts extra damage upon your enemies.
   rC:        It protects you from cold.
   rN:        It protects you from negative energy.
 b - the +10 scimitar of Gallantry {freeze, rElec}
   (You found it on level 5 of the Dungeon)

   It freezes those it strikes, dealing additional cold damage.
   It can also slow down cold-blooded creatures.
   rElec:     It insulates you from electricity.
Armour
 l - a +0 robe (worn)
 q - a +0 pair of gloves (worn)
Jewellery
 f - a ring of resist corrosion (left hand)
Wands
 t - a wand of acid (9)
Scrolls
 e - 2 scrolls of noise {unknown}
 j - 3 scrolls of vulnerability
 k - a scroll of enchant armour {unknown}
 n - a scroll of magic mapping
 o - 2 scrolls of blinking
 p - a scroll of acquirement {unknown}
 s - 4 scrolls of teleportation
Potions
 c - 2 potions of curing
 d - a potion of might {unknown}
 g - 2 potions of magic
 h - a potion of brilliance {unknown}
 i - a potion of cancellation {unknown}
 m - a potion of heal wounds {unknown}
 r - 3 potions of haste
 u - a potion of resistance


   Skills:
 + Level 3.3 Fighting
 + Level 5.6 Polearms
 - Level 2.1 Dodging
 - Level 2.0 Stealth
 + Level 4.8 Spellcasting
 - Level 5.0 Conjurations
 * Level 11.2 Air Magic


You had 7 spell levels left.
You knew the following spells:

 Your Spells              Type           Power      Damage    Failure   Level
a - Shock                 Conj/Air       100%       1d9       1%          1
b - Static Discharge      Conj/Air       29%        N/A       1%          2
c - Swiftness             Air            39%        N/A       1%          3
d - Airstrike             Air            19%        N/A       1%          4

Your spell library contained the following spells:

 Spells                   Type           Power      Damage    Failure   Level
 Sandblast                Erth           6%         2d5       16%         1
 Magic Dart               Conj           76%        1d6       1%          1
 Mephitic Cloud           Conj/Pois/Air  21%        N/A       4%          3
 Foxfire                  Conj/Fire      44%        2x1d6     5%          1
 Conjure Flame            Conj/Fire      11%        6-21      17%         3
 Call Imp                 Summ           3%         N/A       24%         2
 Inner Flame              Hex/Fire       3%         N/A       43%         3
 Flame Wave               Conj/Fire      11%        2d5       50%         4


Dungeon Overview and Level Annotations

Branches:
Dungeon (6/15)             Temple (1/1) D:4           Sewer (visited)

Altars:
Ashenzari
Cheibriados
Dithmenos
Fedhas
Gozag
Hepliaklqana
Kikubaaqudgha
Makhleb
Okawaru
Qazlal
Ru
Sif Muna
Uskayaw
Vehumet
Wu Jian
Yredelemnul
Zin
The Shining One

Shops:
D:4 *

Annotations:
D:6 exclusion: two-headed ogre, Maggie


Innate Abilities, Weirdness & Mutations

You have a beak for a mouth.
You have claws for feet.
Your magical nature lets you fly swiftly and evasively.


Message History

Aiming: Shock (safe; 1% risk of failure)
Press: ? - help, Shift-Dir - straight line, f/p - Maggie
Aim: Maggie, wielding a +1 vorpal broad axe and wearing +0 acid dragon scales (74% to hit)
The zap misses Maggie.
Maggie practices a pose.
Casting: Shock (safe; 1% risk of failure)
Confirm with . or Enter, or press ? or * to list all spells.
Aiming: Airstrike (dangerous; 1% risk of failure)
Press: ? - help, Dir - move target, f/p - Maggie
Aim: Maggie, wielding a +1 vorpal broad axe and wearing +0 acid dragon scales (empty space bonus: 4/8)
The air twists around and strikes Maggie!
Maggie is lightly wounded.
Casting: Airstrike (dangerous; 1% risk of failure)
Confirm with . or Enter, or press ? or * to list all spells.
Aiming: Shock (safe; 1% risk of failure)
Press: ? - help, Shift-Dir - straight line, f/p - Maggie
Aim: Maggie, wielding a +1 vorpal broad axe and wearing +0 acid dragon scales (lightly wounded, 74% to hit)
The zap hits Maggie.
Maggie is moderately wounded.
Casting: Shock (safe; 1% risk of failure)
Confirm with . or Enter, or press ? or * to list all spells.
Maggie is struck by an arc of lightning.
Maggie is moderately wounded.
You are struck by an arc of lightning.
The lightning grounds out.
Maggie hits you with a +1 vorpal broad axe!
Maggie mumbles some strange words.
Maggie attempts to bespell you!
You are mesmerised by Maggie!
Casting: Static Discharge (safe; 1% risk of failure)
Confirm with . or Enter, or press ? or * to list all spells.
Maggie is struck by an arc of lightning!
Maggie is heavily wounded.
You are struck by an arc of lightning.
Maggie is struck by an arc of lightning!
Maggie is heavily wounded.
The lightning grounds out.
Maggie hits you with a +1 vorpal broad axe!
* * * LOW HITPOINT WARNING * * *
x2 Maggie hits you with a +1 vorpal broad axe!!
You die...

*,* *,,,,.....,..#####*
*,* ##.##*...###..,...,
*,**##...###.......,..#,
*,*,,....,....#.#.#*#.#,
*,*,**...**#..#.#.# #.#,
*,*,**#.#* #..#.#.###.#*
#.#.###.## #........#.##
#......@.###..#.#.#.....
***,**#@........#.###.##
*,**#.####..###.###.#
*,,....,............#
**###...........#####
#############


You could see Maggie (mesmerising).

Vanquished Creatures
  2 water moccasins (D:5)
  A black bear (D:6)
  2 ice beasts
  A sky beast (D:6)
  An ogre (D:6)
  A centaur (D:5)
  A phantom (D:4)
  2 bullfrogs (Sewer)
  2 scorpions (D:4)
  8 wights (D:6)
  A howler monkey (D:4)
  3 hounds
  2 jellies (D:4)
  2 orc priests
  Jessica (D:3)
  3 orc wizards
  4 gnolls
  11 adders
  A white imp (D:6)
  An ufetubus (D:4)
  5 worms
  3 dart slugs
  15 orcs
  9 endoplasms
  8 giant cockroaches
  6 goblins
  12 hobgoblins
  7 jackals
  6 kobolds
  5 quokkas
  7 ball pythons
  4 bats
  13 frilled lizards
  7 rats
157 creatures vanquished.

Vanquished Creatures (others)
  A plant (D:1)
1 creature vanquished.

Grand Total: 158 creatures vanquished

Notes
Turn   | Place    | Note
-------+----------+-------------------------------------------
     0 | D:1      | YayAnonymity the Tengu Air Elementalist began the quest for
                  | the Orb.
     0 | D:1      | Reached XP level 1. HP: 10/10 MP: 4/4
   469 | D:1      | Reached XP level 2. HP: 10/15 MP: 0/6
  1248 | D:1      | Found a faded altar of an unknown god.
  1342 | D:1      | Reached XP level 3. HP: 19/19 MP: 0/7
  1431 | D:2      | Reached skill level 5 in Air Magic
  1481 | D:2      | Identified the +4 spear of Ruepleed {vorpal, rC+ rN+}
  1980 | D:2      | Reached XP level 4. HP: 24/24 MP: 6/8
  2071 | D:2      | Learned a level 2 spell: Static Discharge
  2075 | D:2      | Learned a level 3 spell: Swiftness
  3378 | D:3      | Reached skill level 1 in Polearms
  3378 | D:3      | Gained mutation: Your magical nature lets you fly swiftly
                  | and evasively. [Tengu growth]
  3378 | D:3      | Reached XP level 5. HP: 28/28 MP: 3/9
  3385 | D:3      | Reached skill level 6 in Air Magic
  4067 | D:3      | Noticed Jessica
  4071 | D:3      | Killed Jessica
  4072 | D:3      | Reached XP level 6. HP: 32/32 MP: 5/10
  4509 | D:4      | Reached skill level 7 in Air Magic
  4756 | D:4      | Found Tenauco's Tempting Trifles.
  4968 | D:4      | Reached skill level 5 in Conjurations
  5181 | D:4      | Reached XP level 7. HP: 36/36 MP: 7/11
  5215 | D:4      | Found a staircase to the Ecumenical Temple.
  5289 | Temple   | Entered the Ecumenical Temple
  5379 | Temple   | Became a worshipper of Sif Muna the Loreminder
  5390 | Temple   | Fell from the grace of Sif Muna
  5390 | Temple   | Became a worshipper of Vehumet
  5866 | D:5      | Entered Level 5 of the Dungeon
  5876 | D:5      | Learned a level 4 spell: Airstrike
  5885 | D:5      | Reached skill level 8 in Air Magic
  6191 | D:5      | HP: 1/36 [centaur/arrow (14)]
  6737 | D:5      | Reached skill level 9 in Air Magic
  6737 | D:5      | Reached XP level 8. HP: 30/41 MP: 2/14
  7308 | D:5      | Identified the +10 scimitar of Gallantry {freeze, rElec}
  7460 | D:5      | Reached skill level 1 in Fighting
  8103 | D:6      | Found a glowing drain.
  8300 | D:6      | Reached skill level 10 in Air Magic
  8308 | Sewer    | Entered a sewer
  8899 | D:6      | Noticed a two-headed ogre
  8928 | D:6      | Reached skill level 5 in Polearms
  9054 | D:6      | Reached XP level 9. HP: 44/49 MP: 4/16
  9177 | D:6      | Found an opulent altar of Gozag.
  9660 | D:6      | Reached * piety under Vehumet
  9660 | D:6      | Offered knowledge of Sandblast by Vehumet.
  9661 | D:6      | Reached skill level 11 in Air Magic
  9818 | D:6      | Noticed Maggie
  9830 | D:6      | Slain by Maggie

Illustrated notes

Levels and vault maps discovered:
D:1:      amcnicky_arrival_flooded_fountain, layout_basic,
          shapermc_ecumenical_altar_mp_ritualfount
D:2:      minmay_chambers_of_twos, layout_basic
D:3:      minmay_razor_zed, layout_basic, uniq_jessica
D:4:      layout_loops_cross, minmay_temple_entry_statues,
          nicolae_alphabet_shops
D:5:      layout_rooms
D:6:      layout_loops_ring, grunt_gozag_statues, gup_sewer_entry_glass,
          kennysheep_dice, uniq_maggie
Temple:   minmay_crystal_spiral_temple

Skill      XL: |  1  2  3  4  5  6  7  8  9 |
---------------+----------------------------+-----
Conjurations   | 2 3 4 5 |  5.0
Air Magic      | 5 6 7 9 10 11 | 11.2
Polearms       | 1 2 3 5 |  5.6
Spellcasting   | 3 4 |  4.8
Fighting       | 2 3 |  3.3
Dodging        | |  2.1
Stealth        | |  2.0

Action                   |  1- 3 |  4- 6 |  7- 9 || total
-------------------------+-------+-------+-------++-------
Melee: Mace              |    12 |       |       ||    12
       Peck              |     6 |     1 |     2 ||     9
       Kick              |     4 |     4 |     8 ||    16
       Spear             |     4 |    20 |    34 ||    58
       Scimitar          |       |       |     9 ||     9
 Cast: Shock             |    53 |   147 |   141 ||   341
       Static Discharge  |       |     1 |    28 ||    29
       Airstrike         |       |       |     5 ||     5
  Use: Scroll            |       |       |     7 ||     7
Armor: Robe              |     6 |     4 |    22 ||    32
Dodge: Dodged            |    13 |    11 |    80 ||   104

Table legend: (Time is in decaauts)
 A = Elapsed time spent in this place.
 B = Non-inter-level travel time spent in this place.
 C = Inter-level travel time spent in this place.
 D = Time resting spent in this place.
 E = Time spent auto-exploring this place.
 F = Levels seen in this place.
 G = Mean time per level.
                   A        B        C        D        E       F      G
               +--------+--------+--------+--------+--------+-----+--------+
         Total |   9624 |   9302 |    322 |   1136 |   6970 |   8 | 1203.0 |
       Dungeon |   8880 |   8634 |    246 |   1136 |   6447 |   6 | 1480.0 |
        Temple |    212 |    137 |     75 |      0 |    117 |   1 |  212.0 |
         Sewer |    531 |    531 |      0 |      0 |    405 |   1 |  531.0 |
               +--------+--------+--------+--------+--------+-----+--------+

Top non-repeatable levels by time:
     D:5: 1789 daAuts
     D:3: 1755 daAuts
     D:1: 1398 daAuts
     D:4: 1335 daAuts
     D:2: 1333 daAuts
     D:6: 1267 daAuts
   Sewer: 531 daAuts
  Temple: 212 daAuts
